Map: Echo LE (Void)

Players

Fropez

  • Race: Protoss Protoss
  • League: Gold
  • Spawn Location: 5:00

Dimash - Winner!

  • Race: Terran Terran
  • League: Gold
  • Spawn Location: 11:00

VOD

Have the link to the VOD?

Description

Time

  • Played on: Jan. 4, 2017, 6:45 p.m.
  • Length: 8:37
Show
View Real Time Build Order
Export as new Build Order

Fropez Protoss 

Build Orders: 1 Gate Expand 

Get SALT Encoding   

  12  0:01  Probe (Chrono Boost)  
  13  0:11  Probe (Chrono Boost)  
  14  0:25  Probe (Chrono Boost)  
  14  0:26  Pylon  
  15  0:37  Assimilator  
  15  0:44  Probe (Chrono Boost)  
  15  0:48  Gateway  
  16  0:55  Probe (Chrono Boost)  
  17  1:06  Probe (Chrono Boost)  
  18  1:16  Probe (Chrono Boost)  
  19  1:28  Probe (Chrono Boost)  
  19  1:30  Nexus  
  20  1:41  Pylon  
  20  1:44  Probe (Chrono Boost)  
  21  1:52  Cybernetics Core  
  21  1:55  Probe (Chrono Boost)  
  21  2:00  Assimilator  
  21  2:05  Probe (Chrono Boost)  
  22  2:16  Probe (Chrono Boost)  
  22  2:22  Gateway  
  23  2:25  Warp Gate  
  23  2:26  Probe (Chrono Boost)  
  24  2:35  Adept  
  27  2:37  Probe (Chrono Boost)  
  28  2:47  Probe (Chrono Boost), Mothership Core (Chrono Boost)  
  30  2:57  Pylon  
  30  2:58  Probe (Chrono Boost)  
  31  3:05  Adept  
  33  3:07  Probe (Chrono Boost)  
  33  3:09  Stalker  
  33  3:12  Probe (Chrono Boost)  
  37  3:23  Probe x2 (Chrono Boost)  
  39  3:32  Stalker  
  39  3:33  Probe (Chrono Boost)  
  43  3:35  Probe (Chrono Boost)  
  43  3:38  Pylon  
  43  3:39  Stalker  
  45  3:44  Probe (Chrono Boost)  
  44  4:02  Adept  
  46  4:09  Adept, Pylon  
  48  4:14  Assimilator  
  48  4:15  Probe (Chrono Boost)  
  48  4:16  Gateway  
  50  4:17  Probe (Chrono Boost)  
  50  4:19  Twilight Council  
  50  4:20  Pylon  
  50  4:26  Probe (Chrono Boost)  
  51  4:34  Robotics Facility  
  51  4:39  Probe (Chrono Boost)  
  51  4:41  Probe (Chrono Boost)  
  53  4:50  Pylon, Probe (Chrono Boost)  
  55  4:53  Probe (Chrono Boost)  
  55  4:54  Assimilator, Stalker x2  
  59  5:00  Probe (Chrono Boost)  
  59  5:05  Probe (Chrono Boost)  
  45  5:13  Probe (Chrono Boost)  
  46  5:17  Probe (Chrono Boost)  
  47  5:23  Observer  
  47  5:27  Nexus  
  48  5:29  Pylon  
  48  5:33  Forge  
  48  5:34  Probe (Chrono Boost)  
  47  5:35  Probe (Chrono Boost)  
  41  5:54  Probe (Chrono Boost)  
  41  5:55  Probe (Chrono Boost)  
  43  6:02  Protoss Ground Weapons Level 1  
  41  6:06  Probe (Chrono Boost)  
  41  6:07  Probe (Chrono Boost)  
  41  6:09  Blink  
  45  6:18  Probe (Chrono Boost)  
  45  6:19  Probe (Chrono Boost)  
  45  6:27  Observer  
  45  6:30  Probe (Chrono Boost)  
  45  6:31  Probe (Chrono Boost)  
  48  6:44  Probe (Chrono Boost)  
  48  6:45  Probe (Chrono Boost)  
  50  6:48  Stalker x2  
  50  6:50  Probe (Chrono Boost)  
  55  7:07  Gateway  
  55  7:11  Probe (Chrono Boost)  
  55  7:14  Probe (Chrono Boost)  
  55  7:15  Probe (Chrono Boost), Stalker x3  
  64  7:24  Pylon, Observer  
  54  7:48  Stalker x2  
  54  7:49  Stalker  
  63  8:06  Pylon  
  63  8:07  Pylon  
  49  8:33  Adept x2  
Show
View Real Time Build Order
Export as new Build Order

Dimash Terran - Winner!

Build Orders: MMM Bio 

Get SALT Encoding   

  12  0:00  SCV  
  13  0:12  SCV  
  14  0:17  Supply Depot  
  14  0:24  SCV  
  15  0:31  Refinery  
  15  0:39  SCV  
  16  0:45  Barracks  
  16  0:51  SCV  
  17  1:03  SCV  
  18  1:15  SCV  
  19  1:33  Orbital Command  
  19  1:38  Factory  
  20  1:47  Supply Depot  
  20  1:50  Barracks Reactor  
  19  2:04  SCV  
  20  2:16  SCV  
  20  2:18  Command Center  
  20  2:22  Widow Mine  
  21  2:28  Marine x2  
  25  2:34  SCV  
  26  2:37  Starport  
  26  2:46  SCV  
  26  2:49  Marine  
  26  2:50  Marine, Supply Depot  
  29  2:58  Widow Mine  
  31  3:09  Refinery  
  31  3:11  Marine x2  
  31  3:12  SCV  
  34  3:21  Medivac  
  34  3:24  Engineering Bay  
  36  3:27  Supply Depot  
  36  3:31  Widow Mine  
  38  3:38  Marine x2  
  40  3:57  Marine  
  41  4:11  Marine  
  41  4:13  Factory Tech Lab  
  41  4:14  Starport Reactor  
  41  4:15  Marine, SCV  
  44  4:17  Barracks  
  44  4:20  Barracks  
  44  4:21  Supply Depot x2  
  44  4:25  Orbital Command  
  44  4:28  SCV  
  45  4:35  Missile Turret  
  45  4:42  Marine x2  
  47  4:48  SCV  
  48  5:14  Marine x2  
  49  5:15  Barracks Tech Lab  
  49  5:17  Medivac x2  
  49  5:18  SCV x2  
  56  5:22  Marine  
  56  5:24  Stimpack  
  57  5:31  Marine, SCV  
  57  5:32  Marine, SCV  
  61  5:40  Marine  
  62  5:46  Marine  
  62  5:49  Marine x2, SCV x2  
  62  5:50  Medivac x2  
  67  5:57  Supply Depot  
  67  5:58  Marine  
  67  6:01  Combat Shields  
  67  6:02  SCV  
  69  6:04  Marine  
  69  6:07  Marine x2  
  69  6:08  SCV  
  71  6:16  SCV  
  70  6:18  Refinery  
  70  6:19  Refinery  
  70  6:20  Marine, SCV, Supply Depot, Medivac  
  70  6:22  Marine  
  70  6:25  Marine  
  76  6:30  Marine  
  77  6:38  Marine  
  77  6:39  Liberator x2  
  78  6:41  Marauder  
  78  6:43  Marine  
  81  6:47  Supply Depot, Command Center  
  87  7:11  Marine x2, Marauder  
  91  7:37  Marine x2  
  91  7:42  Engineering Bay  
  93  7:46  Armory  
  93  7:47  Marauder x2  
  93  7:48  SCV x2  
  99  7:52  Supply Depot  
  99  7:53  Supply Depot  
  99  8:00  SCV  
  100  8:08  Marauder  
Tags
 
Composition
MMM Bio
League
GoldGold
Matchup
PvT
Replay Pack
All Mines
Spawn Locations
Cross Positions
Add a new tag
Caveats
  • Supply blocks, unpowered buildings, or Contaminate may cause inaccurate times.
  • Supply counts are checked every 10 seconds.